 Dungeon Crawl Stone Soup version 0.16-a0-1301-gf74d490 (webtiles) character file.

99159 Raurakos the Warrior (level 16, -4/136 HPs)
             Began as a Formicid Fighter on Oct 15, 2014.
             Was the Champion of Zin.
             Killed from afar by a battlesphere (10 damage)
             ... created by a tengu reaver
             ... on level 14 of the Dungeon.
             The game lasted 03:19:59 (34425 turns).

Raurakos the Warrior (Formicid Fighter)            Turns: 34425, Time: 03:19:59

Health: -4/136     AC: 16    Str: 24      XL:     16   Next: 75%
Magic:  30/30      EV:  7    Int: 12 (13) God:    Zin [******]
Gold:   2409       SH: 22    Dex: 18      Spells: 0 memorised, 15 levels left

rFire  + . .     SeeInvis +     a - +4 scimitar (flame)
rCold  + + .     Clarity  +     l - +2 plate armour {rPois}
rNeg   + . .     SustAb   .     G - +1 large shield {rC+ rF+}
rPois  +         Gourm    .     (helmet unavailable)
rElec  .         Spirit   .     T - +1 cloak
rCorr  .         Warding  .     p - +1 pair of gloves
rMut   .         Stasis   +     k - +1 pair of boots
MR     +....                    C - amulet of clarity
Stlth  ..........               w - ring of protection from cold
                                E - ring of positive energy

@: vitalised, corroded equipment, somewhat resistant to hostile enchantments,
extremely unstealthy
A: permanent stasis, dig shafts and tunnels, four strong arms, antennae 3
a: Dig, Shaft Self, Recite, Vitalisation, Imprison, Sanctuary, Cure All
Mutations, Renounce Religion


You were on level 14 of the Dungeon.
You worshipped Zin.
Zin was exalted by your worship.
You were full.

You visited 5 branches of the dungeon, and saw 28 of its levels.
You also visited: Sewer and Ice Cave.

You collected 3339 gold pieces.
You spent 683 gold pieces at shops.
You donated 247 gold pieces to Zin.

Inventory:

Hand weapons
 a - a +4 scimitar of flaming (weapon)
 b - a +4 long sword of holy wrath
Missiles
 i - 21 stones (quivered)
Armour
 k - a +1 pair of boots (worn)
 l - a +2 plate armour of poison resistance (worn)
 p - a +1 pair of gloves (worn)
 G - a +1 large shield of resistance (worn)
 T - a +1 cloak (worn)
Jewellery
 r - an uncursed ring of sustain abilities
 w - a ring of protection from cold (right hand)
 x - an uncursed amulet of the gourmand
 C - an amulet of clarity (around neck)
 D - an uncursed ring of fire
 E - a ring of positive energy (left hand)
 M - an uncursed amulet of resist mutation
Magical devices
 z - a wand of digging (15)
 F - a wand of enslavement (0)
 I - a wand of disintegration (19)
 J - a wand of paralysis (6)
 O - a wand of digging (22)
 W - a wand of disintegration (10)
 Y - a wand of lightning (3)
Scrolls
 g - a scroll of identify
 n - 4 scrolls of fear
 q - 4 scrolls of magic mapping
 u - 8 scrolls of remove curse
 v - 4 scrolls of recharging
 y - 2 scrolls of silence
 L - a scroll of enchant armour
 N - 2 scrolls of fog
 S - 2 scrolls of immolation
Potions
 e - 4 potions of might
 f - 3 potions of cure mutation
 h - 14 potions of curing
 m - 9 potions of heal wounds
 o - 3 potions of flight
 s - 3 potions of invisibility
 A - 2 potions of agility
 B - 5 potions of resistance
 H - 2 potions of restore abilities
 K - a potion of porridge
Books
 Q - a book of Battle

   Spells                             Type                      Level
   Infusion                           Charms                       1
   Shroud of Golubria                 Charms/Translocation         2
   Song of Slaying                    Charms                       2
   Spectral Weapon                    Hexes/Charms                 3
   Regeneration                       Charms/Necromancy            3
Miscellaneous
 c - a lamp of fire
 t - a phial of floods
Comestibles
 d - 10 bread rations
 j - 8 meat rations
 P - 2 slices of pizza


   Skills:
 - Level 15.0 Fighting
 - Level 14.0 Long Blades
 + Level 14.9 Armour
 - Level 15.0 Shields
 - Level 10.0 Invocations
 - Level 5.2 Evocations


You had 15 spell levels left.
You didn't know any spells.

Dungeon Overview and Level Annotations

Branches:
Dungeon (14/15)            Temple (1/1) D:6             Orc (4/4) D:11
    Elf (0/3) Orc:4          Lair (8/8) D:8           Swamp (0/5) Lair:6
 Spider (1/5) Lair:6        Slime (0/6) Lair:7
 Vaults: D:13-14

Altars:
Ashenzari
Cheibriados
Dithmenos
Elyvilon
Fedhas
Gozag
Kikubaaqudgha
Makhleb
Nemelex Xobeh
Okawaru
Qazlal
Ru
Sif Muna
Trog
Vehumet
Xom
Yredelemnul
Zin
The Shining One

Shops:
D:8 =*   Orc:4 :([*

Annotations:
Lair:2 UristPineapples' ghost, powerful DDFi
Spider:1 Maud


Innate Abilities, Weirdness & Mutations

Your are under a permanent stasis effect.
You can dig through walls and to a lower floor.
Your four strong arms can wield two-handed weapons with a shield.
You have a pair of large antennae on your head (SInv).


Message History

You block the tengu reaver's attack.
You miss the tengu reaver.
The tengu reaver is heavily wounded.
You miss the tengu reaver.
The tengu reaver is heavily wounded.
The tengu reaver points at you and mumbles some strange words.
The bolt of poison hits you!
Your divine stamina protects you from poison!
You resist.
The battlesphere fires!
The barrage of energy hits you!
You closely miss the tengu reaver.
The tengu reaver is heavily wounded.
You miss the tengu reaver.
The tengu reaver is heavily wounded.
The tengu reaver casts a spell at you. The bolt of acid hits you!
* * * LOW HITPOINT WARNING * * *
The acid burns!
* * * LOW HITPOINT WARNING * * *
The battlesphere fires!
The barrage of energy hits you!
You die...

{## ##...#...##
### ## ##..)#.## #
##...## ## ##
#.....##
.###.###...#...##
..#...#...###...##
.........# ##...##
#.......## ##...##
.........## ##@Q.#
..........# ##..#
..(......# #..*#
#...C...## #...##
..D......## #.*.##
..#...#...###Q..#
{ .###.###...#...#
## ### ##.{D..# #
##C..##


You could see a tengu reaver.

Vanquished Creatures
  2 sphinxes (D:14)
  A frost giant (IceCv)
  An orc warlord (Orc:4)
  A dire elephant (Lair:8)
  Josephine (D:10)
  Fannar (Lair:8)
  Harold (D:12)
  Nessos (D:12)
  9 hydras
  The ghost of asdu the Carver, an experienced MiBe of Trog (Lair:4)
  2 centaur warriors
  8 death yaks
  A tengu warrior (D:14)
  2 orc high priests (Orc:4)
  Urug (D:12)
  2 unseen horrors
  A skeletal warrior (D:14)
  An ice statue (IceCv)
  5 hill giants
  2 wolf spiders (Spider:1)
  2 manticores (D:14)
  2 wizards
  4 orc sorcerers (Orc:4)
  5 orc knights
  A griffon (D:14)
  A centaur zombie (D:14)
  A sixfirhy (Orc:4)
  Maurice (D:7)
  11 spiny frogs
  A cyclops (D:14)
  Joseph (D:12)
  10 elephants
  A gargoyle (D:13)
  7 black mambas
  A smoke demon (Lair:8)
  2 kobold demonologists
  A fire drake (Lair:6)
  An elf (shapeshifter) (D:14)
  6 komodo dragons
  17 polar bears
  2 blue devils (Lair:8)
  4 trolls
  2 giant leeches (Lair:6)
  4 two-headed ogres
  4 ravens (D:14)
  A hydra skeleton (D:11)
  A griffon zombie (D:14)
  5 slime creatures
  A boulder beetle (D:14)
  27 blink frogs
  A shadow (D:14)
  A vampire (D:14)
  5 trapdoor spiders
  18 hippogriffs
  2 basilisks
  2 deep elf magi (D:12)
  A spriggan (Lair:2)
  Eustachio (Orc:2)
  51 yaks
  Grum (D:10)
  2 wraiths (D:14)
  A mottled dragon (D:13)
  A hill giant skeleton (D:10)
  4 vampire mosquitoes (D:12)
  A steam dragon (D:13)
  19 wolves
  Menkaure (D:4)
  4 wargs
  31 orc warriors
  10 water moccasins
  A soldier ant (D:9)
  5 spiders
  14 porcupines
  2 necrophages
  A catoblepas simulacrum (D:10)
  4 black bears
  A yellow wasp (D:12)
  6 ice beasts
  3 sky beasts
  5 phantoms
  20 ogres
  2 boring beetles
  7 centaurs
  2 big kobolds
  Duvessa (D:4)
  18 crocodiles
  A brain worm (D:14)
  21 giant frogs
  A gnoll sergeant (D:10)
  A wyvern skeleton (D:14)
  A troll zombie (D:13)
  4 wights (D:8)
  A cyclops skeleton (D:11)
  2 eyes of draining (D:8)
  5 scorpions
  A yak skeleton (D:10)
  4 quasits
  15 hounds
  5 crimson imps
  Dowan (D:4)
  2 goliath beetles
  An electric eel (Lair:3)
  An iron imp (D:6)
  23 orc priests
  3 giant frog skeletons
  6 jellies
  Crazy Yiuf (D:4)
  A kobold zombie (D:14)
  A basilisk zombie (D:13)
  9 iguanas
  Natasha (thrice) (D:6)
  A yak simulacrum (D:10)
  15 worker ants
  41 orc wizards
  25 sheep
  An orange rat (Lair:2)
  An ogre zombie (D:8)
  Ijyb (D:5)
  A mottled dragon skeleton (D:14)
  An ogre skeleton (D:7)
  Terence (D:2)
  11 gnolls
  32 adders
  59 green rats
  7 shadow imps
  A giant mite (D:4)
  13 white imps
  5 worms
  An iguana zombie (D:9)
  3 orc zombies
  2 adder zombies
  An iguana skeleton (D:9)
  3 orc skeletons
  5 giant geckos
  An ooze (D:6)
  180 orcs
  6 ball pythons
  7 giant cockroaches
  13 hobgoblins
  11 jackals
  25 kobolds
  14 quokkas
  12 bats
  6 giant newts
  A giant newt skeleton (D:4)
  A giant spore (D:12)
  20 goblins
  A hobgoblin skeleton (D:5)
  A quokka skeleton (D:6)
  A quokka zombie (D:9)
  20 rats
  A rat skeleton (D:4)
  10 ballistomycetes (D:12)
  2 fungi
1098 creatures vanquished.

Vanquished Creatures (collateral kills)
  An orc warlord (Orc:2)
  Erica (Lair:1)
  Nergalle (Lair:4)
  A water moccasin (Lair:4)
  An orc wizard (Orc:2)
5 creatures vanquished.

Vanquished Creatures (others)
  A crocodile (Lair:1)
  A gnoll (D:9)
  2 orcs (Orc:4)
  2 giant spores (D:12)
  2 fungi (Orc:4)
  2 plants (Lair:7)
10 creatures vanquished.

Grand Total: 1113 creatures vanquished

Notes
Turn   | Place    | Note
--------------------------------------------------------------
     0 | D:1      | Raurakos, the Formicid Fighter, began the quest for the Orb.
     0 | D:1      | Reached XP level 1. HP: 18/18 MP: 1/1
   175 | D:1      | Reached XP level 2. HP: 24/24 MP: 3/3
   595 | D:2      | Noticed Terence
   679 | D:2      | Reached XP level 3. HP: 26/29 MP: 4/4
   992 | D:2      | Found an ancient bone altar of Kikubaaqudgha.
  1056 | D:2      | Reached skill level 4 in Long Blades
  1056 | D:2      | Reached XP level 4. HP: 27/35 MP: 5/5
  2221 | D:3      | Reached XP level 5. HP: 38/41 MP: 7/7
  2334 | D:2      | Killed Terence
  2562 | D:3      | Reached skill level 5 in Long Blades
  2627 | D:3      | Found a burning altar of Makhleb.
  2627 | D:3      | Noticed a balrug
  2630 | D:3      | Noticed a smoke demon
  2630 | D:3      | Noticed a ynoxinul
  2861 | D:4      | Noticed Dowan
  2906 | D:4      | HP: 1/41 [orc priest/nerve-wracking pain (8)]
  2910 | D:4      | Reached XP level 6. HP: 22/47 MP: 8/8
  3177 | D:4      | Reached skill level 6 in Long Blades
  3209 | D:4      | Found a burning altar of Makhleb.
  3229 | D:4      | Noticed Menkaure
  3681 | D:4      | Noticed Crazy Yiuf
  3684 | D:4      | Killed Crazy Yiuf
  3749 | D:4      | Killed Dowan
  3763 | D:4      | Noticed Duvessa
  3772 | D:4      | Killed Duvessa
  3772 | D:4      | Reached skill level 7 in Long Blades
  3772 | D:4      | Reached XP level 7. HP: 28/52 MP: 9/9
  3823 | D:4      | Found a shattered altar of Ashenzari.
  4004 | D:5      | Entered Level 5 of the Dungeon
  4007 | D:5      | Noticed Ijyb
  4015 | D:5      | Killed Ijyb
  4040 | D:5      | Found a glowing golden altar of the Shining One.
  4186 | D:5      | Found a glowing drain.
  4193 | D:5      | Reached skill level 8 in Long Blades
  4234 | Sewer    | Entered a sewer
  4765 | D:5      | Reached XP level 8. HP: 58/58 MP: 11/11
  5268 | D:6      | Reached skill level 5 in Armour
  5429 | D:6      | Reached skill level 5 in Fighting
  5532 | D:6      | Found a staircase to the Ecumenical Temple.
  5546 | Temple   | Entered the Ecumenical Temple
  5829 | D:6      | Reached skill level 9 in Long Blades
  5957 | D:6      | Found a shadowy altar of Dithmenos.
  5966 | D:6      | Reached XP level 9. HP: 53/68 MP: 12/12
  6342 | D:6      | Found a sacrificial altar of Ru.
  6379 | D:6      | Found a bloodstained altar of Trog.
  6450 | D:6      | Reached skill level 10 in Long Blades
  6474 | D:6      | Got a jewelled leather armour
  6485 | D:6      | Identified the +1 leather armour of Absence {rC+ Str+1} (You found it on level 6 of the Dungeon)
  6620 | D:6      | Noticed Natasha
  6637 | D:6      | Killed Natasha
  6651 | D:6      | Noticed Natasha
  6655 | D:6      | Killed Natasha
  6693 | D:6      | Noticed Natasha
  6701 | D:6      | Killed Natasha
  6811 | D:7      | Found a blossoming altar of Fedhas.
  7000 | D:7      | Found a sacrificial altar of Ru.
  7080 | D:7      | Reached skill level 11 in Long Blades
  7993 | D:7      | Reached XP level 10. HP: 62/74 MP: 13/13
  8093 | D:4      | Killed Menkaure
  8093 | D:4      | Reached skill level 12 in Long Blades
  8318 | D:8      | Found Zin's Purification Station.
  8319 | D:8      | Found a glowing silver altar of Zin.
  8327 | D:8      | Became a worshipper of Zin the Law-Giver
  8327 | D:8      | Acquired Zin's first power
  8350 | D:8      | Found Ciev Afu's Jewellery Emporium.
  8380 | D:8      | Noticed Maurice
  8637 | D:7      | Killed Maurice
  8885 | D:8      | Acquired Zin's second power
  8946 | D:8      | Reached skill level 13 in Long Blades
  9146 | D:8      | Found a staircase to the Lair.
  9210 | D:8      | Found a bloodstained altar of Trog.
  9964 | D:9      | Reached skill level 14 in Long Blades
  9964 | D:9      | Reached XP level 11. HP: 71/79 MP: 20/20
  9993 | D:9      | Acquired Zin's third power
 10278 | D:9      | Reached skill level 5 in Invocations
 10281 | D:9      | Found a stormy altar of Qazlal.
 10738 | D:10     | Entered Level 10 of the Dungeon
 11390 | D:10     | Noticed Josephine
 11527 | Lair:1   | Entered Level 1 of the Lair of Beasts
 11783 | Lair:1   | Reached skill level 10 in Armour
 12307 | Lair:1   | Got a transparent chain mail
 12471 | Lair:1   | Identified the cursed -5 chain mail of Terror {rElec rCorr Int+2 Stlth+} (You found it on level 1 of the Lair of Beasts)
 12653 | Lair:1   | Noticed Erica
 12664 | Lair:1   | Killed Erica
 12664 | Lair:1   | Reached XP level 12. HP: 73/91 MP: 17/22
 13257 | Lair:2   | Acquired Zin's fourth power
 13537 | Lair:2   | Noticed UristPineapples' ghost (powerful DDFi)
 13599 | Lair:1   | Noticed a six-headed hydra
 13608 | Lair:1   | Killed a one-headed hydra
 13728 | Lair:2   | Reached skill level 10 in Fighting
 13803 | Lair:2   | Reached skill level 1 in Evocations
 14912 | Lair:3   | Reached skill level 5 in Evocations
 15366 | Lair:4   | Noticed asdu's ghost (experienced MiBe)
 15573 | Lair:4   | Noticed Nergalle
 15579 | Lair:4   | Killed Nergalle
 15822 | Lair:4   | Found a sacrificial altar of Ru.
 15945 | Lair:4   | Reached XP level 13. HP: 79/103 MP: 26/26
 16623 | Lair:5   | Reached skill level 10 in Invocations
 16695 | Lair:5   | Reached skill level 5 in Shields
 17139 | Lair:6   | Found a hole to the Spider Nest.
 17239 | Lair:6   | Found a staircase to the Swamp.
 18761 | Lair:6   | Reached skill level 10 in Shields
 19686 | Lair:7   | Reached XP level 14. HP: 87/113 MP: 29/29
 20913 | Lair:7   | Found a staircase to the Slime Pits.
 21332 | Lair:8   | Entered Level 8 of the Lair of Beasts
 21597 | Lair:8   | Noticed Fannar
 21735 | Lair:4   | Killed asdu's ghost
 22150 | D:10     | Killed Josephine
 22517 | D:10     | Noticed Grum
 22537 | D:10     | Killed Grum
 22550 | D:10     | Noticed a hill giant
 22559 | D:10     | Killed a hill giant
 23098 | D:11     | Found a staircase to the Orcish Mines.
 23688 | Orc:1    | Entered Level 1 of the Orcish Mines
 23724 | D:11     | Reached skill level 15 in Fighting
 23739 | Orc:1    | Found a frozen archway.
 23773 | IceCv    | Entered an ice cave
 24078 | IceCv    | Reached XP level 15. HP: 97/129 MP: 30/30
 24446 | IceCv    | Noticed a frost giant
 24530 | IceCv    | Killed a frost giant
 24805 | IceCv    | Identified the Incunabulum of Harmful Snow
 25730 | Orc:2    | Noticed Eustachio
 25736 | Orc:2    | Killed Eustachio
 25742 | Orc:2    | Noticed an orc warlord
 25993 | Orc:2    | Killed an orc warlord
 26696 | Orc:3    | Found a shimmering altar of Xom.
 27120 | Orc:4    | Entered Level 4 of the Orcish Mines
 27153 | Orc:4    | Found a staircase to the Elven Halls.
 27446 | Orc:4    | Found Phyh's Antique Weapon Boutique.
 27783 | Orc:4    | Bought a glowing great sword for 110 gold pieces
 28013 | Orc:4    | Found a deep blue altar of Sif Muna.
 28130 | Orc:4    | Noticed an orc warlord
 28158 | Orc:4    | Killed an orc warlord
 28986 | Orc:4    | Found Kadua's Antique Armour Shop.
 29013 | Orc:4    | Bought a pair of runed boots for 99 gold pieces
 29108 | Orc:4    | Found Ykhloiq's General Store.
 29282 | Orc:4    | Bought a +1 large shield of resistance for 474 gold pieces
 29425 | Orc:4    | Found Nid Asagg's Book Boutique.
 29916 | Lair:8   | Killed Fannar
 30405 | Lair:8   | Found a burning altar of Makhleb.
 30827 | Spider:1 | Entered Level 1 of the Spider Nest
 30842 | Spider:1 | Reached XP level 16. HP: 123/136 MP: 30/30
 30974 | Spider:1 | Noticed Maud
 31385 | D:12     | Found a shimmering altar of Xom.
 31414 | D:12     | Noticed Harold
 31427 | D:12     | Killed Harold
 31430 | D:12     | Noticed Nessos
 31434 | D:12     | Noticed Urug
 32049 | D:12     | Killed Nessos
 32087 | D:12     | Killed Urug
 32307 | D:12     | Noticed Joseph
 32329 | D:12     | Killed Joseph
 33299 | D:14     | Found a glowing golden altar of the Shining One.
 33671 | D:14     | Found a basalt altar of Yredelemnul.
 33873 | D:14     | Noticed a sphinx
 33887 | D:14     | Killed a sphinx
 34143 | D:14     | Reached skill level 15 in Shields
 34280 | D:14     | Noticed a sphinx
 34290 | D:14     | Killed a sphinx
 34330 | D:14     | Noticed a tengu reaver
 34425 | D:14     | HP: 6/136 [acid (12)]
 34425 | D:14     | Killed from afar by a battlesphere

Action                   |  1- 3 |  4- 6 |  7- 9 | 10-12 | 13-15 | 16-18 || total
-------------------------+-------+-------+-------+-------+-------+-------++-------
Melee: Long sword        |   100 |   234 |   367 |   602 |    72 |    14 ||  1389
       Great sword       |       |       |       |    63 |    19 |       ||    82
       Scimitar          |       |       |       |   313 |  2103 |   582 ||  2998
Throw: Stone             |       |     7 |     5 |     1 |     1 |     1 ||    15
Invok: Recite            |       |       |       |     9 |       |       ||     9
       Vitalisation      |       |       |       |     1 |     8 |     1 ||    10
 Abil: Dig               |       |     1 |     4 |     5 |     2 |       ||    12
Evoke: Wand              |       |       |     2 |     4 |     7 |     3 ||    16
  Use: Scroll            |       |     6 |    16 |    10 |     8 |     2 ||    42
       Potion            |       |     3 |     1 |       |     2 |       ||     6
 Stab: Fleeing           |       |       |       |       |     1 |       ||     1
       Paralysed         |       |       |       |       |       |     4 ||     4
  Eat: Chunk             |     1 |     9 |    15 |    26 |    60 |    18 ||   129
       Meat ration       |       |       |       |       |     3 |       ||     3
